AoeStats
← Simon Stokvis

African Clearing

506671405Analyzed
4v4 RM · 18d ago on Sep 14, 2026· 40m 53s· 8 players
Game mode
Random Map
Map size
Large (8 player)
Population
200
Speed
Normal
Resources
Standard
Victory
Conquest
Starting age
Dark Age
Ending age
Imperial Age
RankedLock teamsTeams togetherTeam positionsShared explorationLock speedFull tech treeHidden civsTurbo modeCheats
Victory
Defeat
🇺🇸 Khmer · United States
1573
+15
🇧🇷 Bengalis · Brazil
1522
+17
🇳🇱 Magyars · Netherlands
1520
+17
🇫🇷 Persians · France
1452
+20
🇮🇳 Poles · India
1599
-20
🇦🇺 Goths · Australia
1582
-19
🇨🇳 Cumans · China
1548
-17
🇭🇰 Mongols · Hong Kong SAR China
1446
-13
busy pushing deer
14:29 Feudal Age
17:29 Castle Age
15:37 Double-Bit Axe
17:27 Bloodlines
17:28 Scale Barding Armor
17:38 Light Cavalry
18:32 Bow Saw
19:40 Gold Mining
22:49 Fishing Lines
23:25 Forging
24:49 Chain Barding Armor
25:49 Husbandry
28:48 Loom
29:56 Gillnets
32:34 Wheelbarrow
31:45 Town Watch
32:47 Iron Casting
32:45 Horse Collar
37:05 Imperial Age
35:04 Fletching
36:32 Ballistics
37:08 Hand Cart
37:46 Gold Shaft Mining
37:32 Stone Mining
38:57 Plate Barding Armor
39:04 Heavy Scorpion
40:56 Blast Furnace
Simon Stokvis
3:17 Loom
13:27 Feudal Age
17:28 Castle Age
15:29 Double-Bit Axe
24:00 Horse Collar
25:29 Town Watch
26:53 Gold Mining
28:19 Ballistics
29:11 Gold Shaft Mining
29:14 Fletching
34:12 Imperial Age
32:10 Thumb Ring
34:08 Bodkin Arrow
34:13 Padded Archer Armor
35:54 Chemistry
34:15 Heavy Cavalry Archer
34:57 Bracer
37:01 Wheelbarrow
37:08 Bloodlines
40:16 Leather Archer Armor
40:59 Parthian Tactics
Mr. M
8:11 Loom
14:13 Feudal Age
18:21 Castle Age
16:56 Double-Bit Axe
22:48 Sanctity
24:44 Horse Collar
25:18 Pikeman
30:14 Forging
31:17 Redemption
37:31 Gold Mining
antorse31
4:53 Loom
13:01 Feudal Age
13:23 Double-Bit Axe
15:23 Fletching
17:48 Wheelbarrow
20:12 Town Watch
25:01 Castle Age
23:24 Horse Collar
25:53 Bow Saw
32:01 Husbandry
32:11 Bloodlines
35:43 Hand Cart
35:49 Gold Mining
40:54 Imperial Age
38:32 Scale Barding Armor
39:15 Forging
39:28 Heavy Plow
40:59 Gold Shaft Mining
40:34 Cavalier
41:35 Chain Barding Armor
41:51 Iron Casting
41:38 Conscription
Jeremy V
3:18 Loom
14:40 Feudal Age
18:43 Castle Age
22:50 Scale Mail Armor
31:46 Double-Bit Axe
35:46 Imperial Age
36:01 Anarchy
37:12 Horse Collar
38:55 Chain Mail Armor
39:44 Conscription
tabig
11:41 Feudal Age
13:38 Double-Bit Axe
16:25 Wheelbarrow
16:04 Horse Collar
18:14 Loom
20:00 Gold Mining
22:23 Castle Age
20:54 Bloodlines
21:26 Scale Barding Armor
22:22 Forging
22:42 Light Cavalry
25:01 Bow Saw
24:54 Heavy Plow
31:39 Imperial Age
30:26 Chain Barding Armor
31:29 Iron Casting
31:40 Hand Cart
32:16 Gold Shaft Mining
33:05 Plate Barding Armor
33:48 Conscription
33:41 Cavalier
35:49 Paladin
38:01 Blast Furnace
36:36 Pikeman
37:17 Squires
37:39 Hussar
38:30 Squires
Issue
6:08 Loom
15:33 Feudal Age
16:17 Town Watch
16:51 Double-Bit Axe
16:47 Horse Collar
21:01 Wheelbarrow
26:00 Castle Age
29:20 Szlachta Privileges
30:20 Bloodlines
30:10 Husbandry
30:26 Scale Barding Armor
大庆Song
3:52 Loom
14:13 Feudal Age
20:07 Castle Age
18:14 Fletching
19:18 Double-Bit Axe
29:22 Horse Collar
30:37 Wheelbarrow
31:46 Bodkin Arrow
32:05 Padded Archer Armor
32:45 Bow Saw
32:39 Heavy Plow
32:23 Fishing Lines
33:33 Husbandry
34:43 Bow Saw
34:31 Gold Mining
34:32 Town Watch
36:39 Leather Archer Armor
37:07 Ballistics
39:47 Imperial Age
37:48 Bloodlines
39:24 Thumb Ring
40:16 Hand Cart
39:43 Light Cavalry
40:30 Scale Barding Armor
41:18 Bracer
42:19 Chemistry
Connection lost

Rejoining the realm…

Still unreachable

The connection could not be restored.

Session expired

The server has moved on; the page needs a fresh start.